 Dungeon Crawl Stone Soup version 0.18-b1-22-ge198996 (webtiles) character file.

1554 Wooh the Fighter (level 8, -21/56 HPs)
             Began as a Tengu Gladiator on May 3, 2016.
             Was a Believer of Dithmenos.
             Demolished by an ogre
             ... wielding a +0 giant spiked club
              (32 damage)
             ... on level 7 of the Dungeon.
             The game lasted 00:19:11 (6247 turns).

Wooh the Fighter (Tengu Gladiator)                  Turns: 6247, Time: 00:19:12

Health: -21/56     AC:  8    Str: 16    XL:     8   Next: 88%
Magic:  9/9        EV: 15    Int:  9    God:    Dithmenos [**....]
Gold:   260        SH:  0    Dex: 16    Spells: 0 memorised, 7 levels left

rFire  . . .     SeeInvis .     a - +0 quarterstaff
rCold  . . .     Gourm    .     z - +2 leather armour {MR+}
rNeg   . . .     Faith    .     (shield currently unavailable)
rPois  .         Spirit   .     c - +0 hat
rElec  .         Dismiss  .     P - +0 cloak
rCorr  .         Reflect  .     (no gloves)
SustAt .         Harm     +     (boots unavailable)
MR     +....     Rnd*Tele +     A - amulet of harm
Stlth  ++++......               H - ring of stealth
                                e - ring of teleportation (curse)

@: lethally poisoned (-21 -> -24), wreathed by umbra, somewhat resistant to
hostile enchantments, stealthy
A: beak, talons 3, thin metallic scales 1, camouflage 1, evolution 1, able to
fly 1
a: Fly, Shadow Step, Renounce Religion


You were on level 7 of the Dungeon.
You worshipped Dithmenos.
Dithmenos was pleased with you.
You were hungry.

You visited 1 branch of the dungeon, and saw 7 of its levels.

You collected 260 gold pieces.

Inventory:

Hand Weapons
 a - a +0 quarterstaff (weapon)
 K - a +0 shortbow
Missiles
 d - 3 throwing nets
 n - 4 silver tomahawks (quivered)
 q - 97 arrows
 w - 16 bolts
Armour
 c - a +0 hat (worn)
 z - a +2 leather armour of magic resistance (worn)
 P - a +0 cloak (worn)
Jewellery
 e - a cursed ring of teleportation (left hand)
 A - an amulet of harm (around neck)
 D - an uncursed ring of wizardry
 H - a ring of stealth (right hand)
Wands
 x - a wand of confusion (24/48)
Scrolls
 i - 4 scrolls of amnesia
 l - 4 scrolls of remove curse
 p - a scroll of fog {unknown}
 t - 2 scrolls of teleportation
 u - 2 scrolls of recharging {unknown}
 y - 3 scrolls of enchant armour {unknown}
 F - a scroll of noise {unknown}
 L - 3 scrolls of identify
 M - a scroll of blinking {unknown}
 N - a scroll of summoning {unknown}
Potions
 g - a potion of cure mutation {unknown}
 h - 2 potions of curing
 j - 4 potions of flight
 k - 2 potions of haste
 o - a potion of cancellation {unknown}
 v - a potion of resistance {unknown}
 E - a potion of mutation
 G - a potion of lignification
 I - a potion of brilliance {unknown}
Books
 b - a Grand Grimoire

   Spells                             Type                      Level
   a - Monstrous Menagerie            Summoning                    7
   b - Summon Greater Demon           Summoning                    7
   c - Malign Gateway                 Summoning/Translocation      7
   d - Summon Horrible Things         Summoning                    8
 J - a book of Death

   Spells                             Type                      Level
   a - Corpse Rot                     Necromancy                   2
   b - Sublimation of Blood           Necromancy                   2
   c - Agony                          Necromancy                   5
   d - Dispel Undead                  Necromancy                   5
   e - Excruciating Wounds            Charms/Necromancy            5
   f - Bolt of Draining               Conjuration/Necromancy       5
Comestibles
 f - 5 bread rations
 m - 4 meat rations
 s - a royal jelly
 B - 3 beef jerkies
 C - 8 fruits
 O - 3 chunks of flesh


   Skills:
 + Level 9.1 Fighting
 - Level 3.2 Staves
 - Level 2.0 Throwing
 - Level 4.0 Armour
 - Level 6.1 Dodging


You had 7 spell levels left.
You didn't know any spells.

Dungeon Overview and Level Annotations

Branches:
Dungeon (7/15)
 Temple: D:4-7

Altars:
Dithmenos
Gozag
Pakellas
Ru
Sif Muna
Vehumet
The Shining One

Shops:
D:7 [

Annotations:
D:7 Dowan, Duvessa


Innate Abilities, Weirdness & Mutations

You have a beak for a mouth.
You have claws for feet.
You can fly.
You are partially covered in thin metallic scales (AC +2).
Your skin changes colour to match your surroundings (Stealth).
You evolve.


Message History

You barely miss the worker ant. You claw the worker ant.
Your peck misses the worker ant.
The worker ant is almost dead.
You feel sick. The worker ant bites you.
* * * LOW HITPOINT WARNING * * *
You hit the worker ant but do no damage.
You claw the worker ant, but do no damage.
The worker ant is almost dead.
You feel sick. The worker ant barely misses you. x2
You sock the worker ant!
You kill the worker ant!
Dithmenos accepts your kill.
You are feeling hungry.
You feel sick.
You hit the ogre.
The ogre is severely wounded.
You feel sick.
The ogre hits you with a giant spiked club!!
Ouch! That really hurt!
You die...

#######################
.......................
#.............# #.
##@##########.# ##.
##O### #.# .. #.{..#
#.# ##. #....# #.# #.<
#....# ###.#+#.. #.....
#........ ##∩....
#........ #......
#........ #..^...#
#........


You could see an ogre.

Vanquished Creatures
  Eustachio (D:6)
  An ice beast (D:5)
  A phantom (D:4)
  A necrophage (D:5)
  A black bear (D:7)
  2 ogres
  A centaur (D:5)
  2 crimson imps
  A centaur skeleton (D:4)
  3 hounds
  2 orc priests
  2 giant frog skeletons
  2 orc wizards
  Crazy Yiuf (D:6)
  An iguana (D:6)
  5 worker ants
  A hound skeleton (D:6)
  4 gnolls (D:3)
  7 adders
  A shadow imp (D:5)
  2 worms
  11 dart slugs
  A giant gecko (D:1)
  25 orcs
  3 ball pythons
  5 bats
  3 giant cockroaches
  7 goblins
  5 hobgoblins
  11 jackals
  A quokka (D:3)
  4 giant newts
  6 kobolds
  A quokka skeleton (D:4)
  6 rats
131 creatures vanquished.

Notes
Turn   | Place    | Note
--------------------------------------------------------------
     0 | D:1      | Wooh the Tengu Gladiator began the quest for the Orb.
     0 | D:1      | Reached XP level 1. HP: 12/12 MP: 2/2
    54 | D:1      | Reached skill level 1 in Armour
    92 | D:1      | Reached XP level 2. HP: 16/17 MP: 3/3
   902 | D:2      | Reached XP level 3. HP: 20/21 MP: 4/4
  1305 | D:2      | Reached XP level 4. HP: 25/26 MP: 5/5
  1668 | D:2      | Found an oddly glowing altar of Pakellas.
  1824 | D:3      | Found a shadowy altar of Dithmenos.
  1844 | D:3      | Became a worshipper of Dithmenos the Shadowed
  2279 | D:3      | Gained mutation: You can fly. [Tengu growth]
  2279 | D:3      | Reached XP level 5. HP: 11/30 MP: 6/6
  2731 | D:3      | Found a deep blue altar of Sif Muna.
  2819 | D:3      | Reached skill level 5 in Dodging
  3346 | D:4      | Found an opulent altar of Gozag.
  3350 | D:4      | Found a sacrificial altar of Ru.
  3352 | D:4      | Noticed an ogre
  3360 | D:4      | Reached XP level 6. HP: 25/35 MP: 7/7
  3574 | D:4      | Reached * piety under Dithmenos
  3666 | D:4      | Noticed a phantom
  3681 | D:4      | Killed a phantom
  3681 | D:4      | Reached skill level 3 in Fighting
  3742 | D:4      | Reached skill level 4 in Fighting
  3742 | D:4      | Reached XP level 7. HP: 32/43 MP: 8/8
  3980 | D:5      | Entered Level 5 of the Dungeon
  4037 | D:5      | Found a radiant altar of Vehumet.
  4171 | D:5      | Reached skill level 5 in Fighting
  4406 | D:5      | Gained mutation: Your skin changes colour to match your surroundings (Stealth). [potion of mutation]
  4406 | D:5      | Gained mutation: You evolve. [potion of mutation]
  4406 | D:5      | Gained mutation: You are partially covered in thin metallic scales (AC +2). [potion of mutation]
  4595 | D:5      | Reached skill level 6 in Fighting
  4697 | D:5      | Reached XP level 8. HP: 46/51 MP: 9/9
  4966 | D:5      | Reached ** piety under Dithmenos
  5182 | D:6      | Reached skill level 7 in Fighting
  5186 | D:6      | Noticed Eustachio
  5207 | D:6      | Killed Eustachio
  5542 | D:6      | Noticed Crazy Yiuf
  5547 | D:6      | Killed Crazy Yiuf
  5631 | D:6      | Reached skill level 8 in Fighting
  6068 | D:7      | Found a glowing golden altar of the Shining One.
  6089 | D:7      | Noticed Duvessa
  6091 | D:7      | Noticed Dowan
  6223 | D:7      | Found Imuonut's Armour Boutique.
  6235 | D:7      | Reached skill level 9 in Fighting
  6247 | D:7      | Demolished by an ogre

Skill      XL: |  1  2  3  4  5  6  7  8 |
---------------+-------------------------+-----
Armour         | 1 2 3 4 |  4.0
Dodging        | 4 5 6 |  6.1
Fighting       | 4 6 9 |  9.1
Staves         | |  3.2
Throwing       | |  2.0

Action                   |  1- 3 |  4- 6 |  7- 9 || total
-------------------------+-------+-------+-------++-------
Melee: Quarterstaff      |    70 |   138 |   192 ||   400
       Kick              |    10 |    36 |    58 ||   104
       Peck              |     5 |    22 |    36 ||    63
 Fire: Shortbow          |       |       |    13 ||    13
Throw: Tomahawk          |     2 |     9 |     2 ||    13
 Abil: Fly               |       |       |     2 ||     2
  Use: Potion            |     1 |       |     2 ||     3
       Scroll            |       |       |     9 ||     9
 Stab: Sleeping          |       |     1 |    11 ||    12
       Distracted        |       |       |     1 ||     1
  Eat: Chunk             |     1 |     8 |     8 ||    17
Armor: Leather armour    |    16 |    35 |    44 ||    95
Dodge: Dodged            |    48 |   101 |   189 ||   338
